 Dungeon Crawl Stone Soup version 0.19.0-2-gae57169 (console) character file.

39440 Kloppie the Carver (level 13, -21/106 HPs)
             Began as a Demonspawn Berserker on Nov 6, 2016.
             Was the Champion of Trog.
             Demolished by a crocodile (35 damage)
             ... on level 6 of the Lair of Beasts.
             The game lasted 00:32:10 (18630 turns).

Kloppie the Carver (Demonspawn Berserker)          Turns: 18630, Time: 00:32:11

Health: -21/106    AC: 20    Str: 19    XL:     13   Next: 69%
Magic:  0/17       EV: 12    Int:  8    God:    Trog [******]
Gold:   1064       SH:  5    Dex: 17    Spells: 0 memorised, 12 levels left

rFire  + + .     SeeInvis .     a - +3 demon blade (elec)
rCold  . . .     Gourm    +     m - +2 chain mail {rF+}
rNeg   . . .     Faith    .     D - +0 buckler
rPois  .         Spirit   +     (helmet restricted)
rElec  .         Reflect  .     q - +1 cloak
rCorr  .         Harm     .     E - +2 pair of gloves
MR     +....                    (no boots)
Stlth  ..........               n - amulet of the gourmand
                                G - ring "Lipunla" {rF+ Stlth+}
                                I - ring of protection from magic

@: no status effects
A: horns 2, repulsion field 2, demonic guardian 1, magic shield
a: Berserk, Trog's Hand, Brothers in Arms, Burn Spellbooks, Renounce Religion


You were on level 6 of the Lair of Beasts.
You worshipped Trog.
Trog was exalted by your worship.
You were completely stuffed.

You visited 2 branches of the dungeon, and saw 17 of its levels.
You also visited: Sewer.

You collected 1064 gold pieces.

Inventory:

Hand Weapons
 a - a +3 demon blade of electrocution (weapon)
 b - a +2 scimitar of flaming
 F - a +1 antimagic great sword
 M - the +5 long sword "Hydrabane" {speed, rElec SInv}
   (Trog gifted it to you on level 11 of the Dungeon)

   Attacks with this weapon are significantly faster.
   It insulates you from electricity.
   It lets you see invisible.
Armour
 m - a +2 chain mail of fire resistance (worn)
 q - a +1 cloak (worn)
 D - a +0 buckler (worn)
 E - a +2 pair of gloves (worn)
Jewellery
 e - an uncursed ring of flight
 h - an uncursed ring of resist corrosion
 j - an uncursed ring of see invisible
 n - an amulet of the gourmand (around neck)
 r - an uncursed ring of protection from cold
 G - the ring "Lipunla" (right hand) {rF+ Stlth+}
   (You found it on level 3 of the Lair of Beasts)

   [ring of protection from fire]

   It protects you from fire.
   It makes you more stealthy.
 I - a ring of protection from magic (left hand)
 R - an uncursed ring of protection from magic
Scrolls
 d - a scroll of magic mapping
 f - 12 scrolls of remove curse
 l - 4 scrolls of teleportation
 w - 5 scrolls of blinking
 A - a scroll of enchant armour
 C - a scroll of fog
 K - 3 scrolls of identify
 O - a scroll of recharging
Potions
 k - 2 potions of heal wounds
 p - 4 potions of lignification
 t - 5 potions of curing
 u - 3 potions of might
 v - a potion of invisibility
 z - 4 potions of flight
 H - a potion of cure mutation
 L - 3 potions of haste
 P - a potion of cancellation
Comestibles
 c - 13 bread rations
 g - 10 meat rations
 i - 7 slices of pizza
 o - 4 beef jerkies
 s - 7 chunks of flesh
 N - 2 royal jellies


   Skills:
 - Level 11.0 Fighting
 - Level 14.1 Long Blades
 + Level 11.5 Armour
 - Level 1.7 Dodging
 - Level 4.2 Shields
 + Level 6.6 Evocations


You had 12 spell levels left.
You didn't know any spells.

Dungeon Overview and Level Annotations

Branches:
Dungeon (11/15)            Temple (0/1) D:4            Lair (6/6) D:9
  Swamp (0/4) Lair:4        Snake (0/4) Lair:3        Slime (0/5) Lair:5
    Orc (0/2) D:10

Altars:
Ashenzari
Elyvilon
Fedhas
Hepliaklqana
Kikubaaqudgha
Okawaru
Ru
Vehumet
Zin
The Shining One


Innate Abilities, Weirdness & Mutations

You have a pair of horns on your head.
You are surrounded by a moderate repulsion field. (EV +3)
A weak demonic guardian rushes to your aid.
When hurt, damage is shared between your health and your magic reserves.


Message History

The crocodile bites you.
* * * LOW HITPOINT WARNING * * *
Your white imp gestures at the crocodile.
The puff of frost hits the crocodile.
Your quasit bites the komodo dragon but does no damage.
Your quasit claws the komodo dragon but does no damage.
Your quasit completely misses the komodo dragon.
The dream sheep are wreathed in dream dust.
You feel drowsy...
You fall asleep.
The dream sheep closely misses your iron imp.
Your quasit barely misses the komodo dragon.
Your quasit claws the komodo dragon but does no damage.
Your quasit barely misses the komodo dragon.
Your iron imp misses the komodo dragon.
The dream sheep bites your quasit!
Your quasit bites the komodo dragon.
Your quasit claws the komodo dragon but does no damage. x2
The komodo dragon misses your quasit. The dream sheep bites your iron imp!
Your iron imp dies!
The crocodile bites you!!
You wake up.
You die...

.....# # ..#..
.. ... ##....
.#.... ##...Y.
.#.... .
#..Y#Y##....
..#.##YYY.#.##
.......5.Y...#.#
#......l.#...#
#..##.8.8@.#...
#..5.t........
#...<...#.....
#.......# (##.
....#.8.8.## #
#...#....... .#.
.....%... #
.##......## #.
##..#..#


You could see a komodo dragon, a crocodile, 7 dream sheep, a friendly quasit and
a friendly white imp.

Vanquished Creatures
  Josephine (D:10)
  Harold (D:11)
  3 hydras
  A catoblepas (Lair:6)
  Erica (D:11)
  6 death yaks
  A queen ant (Lair:2)
  The ghost of ayyllmao the Basher, a novice DgFi (D:7)
  The ghost of Patchouli the Ruffian, a novice DrTm of Kikubaaqudgha (Lair:1)
  A cyclops (D:10)
  An oklob plant (Lair:1)
  4 elephants (Lair:4)
  A black mamba (Lair:2)
  A centaur skeleton (D:11)
  6 spiny frogs
  7 komodo dragons
  A rime drake (Lair:1)
  A troll (D:10)
  A merfolk (D:10)
  A polar bear (Lair:4)
  12 blink frogs
  2 slime creatures (Lair:5)
  12 dream sheep
  2 hippogriffs (Lair:4)
  A wyvern (Lair:3)
  4 wraiths
  33 yaks
  A basilisk (Lair:1)
  A hungry ghost (D:9)
  2 nagas (Lair:3)
  9 soldier ants (Lair:2)
  11 porcupines
  5 water moccasins
  An ice beast (D:11)
  4 sky beasts
  6 orc warriors
  A necrophage (D:11)
  2 phantoms
  8 wolves
  4 centaurs
  An eye of draining (D:8)
  6 ogres
  8 crocodiles
  A big kobold (D:6)
  5 bullfrogs
  A gnoll sergeant (D:7)
  5 scorpions
  2 water moccasin skeletons (D:7)
  8 killer bees
  A vampire bat (D:4)
  4 wights
  An electric eel (Lair:2)
  3 howler monkeys
  8 crimson imps
  Crazy Yiuf (D:6)
  5 hounds
  9 orc wizards
  10 orc priests
  6 bullfrog skeletons
  3 jellies
  3 iguanas
  6 hell rats (Lair:5)
  Natasha (D:4)
  21 worker ants
  A killer bee zombie (D:5)
  A hound zombie (D:6)
  4 hound skeletons
  2 worker ant zombies
  4 gnolls
  11 adders
  2 river rats (Sewer)
  3 shadow imps
  2 oozes
  2 adder skeletons
  A worm (D:3)
  2 dart slugs
  9 leopard geckos
  46 orcs
  11 bats
  4 bat skeletons (D:4)
  3 bat zombies (D:4)
  11 giant cockroaches
  6 goblins
  9 hobgoblins
  10 jackals
  6 quokkas
  7 frilled lizards
  14 kobolds
  10 rats
  A fungus (D:9)
  A plant (D:9)
464 creatures vanquished.

Vanquished Creatures (collateral kills)
  Sonja (D:11)
  An elephant (Lair:4)
  A spiny frog (Lair:1)
  A komodo dragon (Lair:1)
  Menkaure (D:6)
  2 ogres (D:8)
  A phantom (D:8)
  A black bear (D:8)
  2 centaurs
  A big kobold (Sewer)
  Blork the orc (D:4)
  A killer bee (D:11)
  A vampire bat (D:4)
  An orc wizard (D:6)
  A centaur skeleton (D:5)
  Natasha (D:4)
  A worker ant (D:4)
  An orc (D:6)
  A jackal (Sewer)
  A kobold (Sewer)
  A bush (Lair:1)
23 creatures vanquished.

Vanquished Creatures (others)
  A fungus (Lair:5)
  A plant (Lair:5)
2 creatures vanquished.

Grand Total: 489 creatures vanquished

Notes
Turn   | Place    | Note
-------+----------+-------------------------------------------
     0 | D:1      | Kloppie the Demonspawn Berserker began the quest for the Orb.
     0 | D:1      | Reached XP level 1. HP: 18/18 MP: 1/1
    44 | D:1      | Gained mutation: You are surrounded by a mild repulsion field. (EV +2) [demonic ancestry]
    44 | D:1      | Reached XP level 2. HP: 11/24 MP: 2/2
   153 | D:1      | Reached skill level 3 in Long Blades
   786 | D:2      | Found a sacrificial altar of Ru.
   797 | D:2      | Gained mutation: A weak demonic guardian rushes to your aid. [demonic ancestry]
   797 | D:2      | Reached XP level 3. HP: 12/30 MP: 3/3
  1198 | D:2      | Reached ** piety under Trog
  1552 | D:2      | Found a white marble altar of Elyvilon.
  1846 | D:2      | Gained mutation: When hurt, damage is shared between your health and your magic reserves. [demonic ancestry]
  1846 | D:2      | Reached XP level 4. HP: 37/37 MP: 4/4
  2016 | D:3      | Found a faded altar of an unknown god.
  2229 | D:3      | Reached skill level 4 in Long Blades
  2308 | D:3      | Reached *** piety under Trog
  2851 | D:3      | Reached XP level 5. HP: 40/42 MP: 5/5
  2944 | D:4      | Noticed Natasha
  2951 | D:4      | Killed Natasha
  2965 | D:4      | Found a staircase to the Ecumenical Temple.
  3080 | D:4      | Noticed Blork the orc
  3094 | D:4      | Killed Blork the orc
  3094 | D:4      | Gained mutation: You have a pair of small horns on your head. [demonic ancestry]
  3094 | D:4      | Reached XP level 6. HP: 39/48 MP: 6/6
  3288 | D:4      | Found an ancient bone altar of Kikubaaqudgha.
  3291 | D:4      | Reached skill level 5 in Long Blades
  3420 | D:4      | Found a glowing drain.
  3434 | D:4      | Reached **** piety under Trog
  3438 | Sewer    | Entered a sewer
  3522 | Sewer    | Found a white marble altar of Elyvilon.
  3741 | D:4      | Reached XP level 7. HP: 54/54 MP: 7/7
  3879 | D:4      | Noticed Natasha
  3885 | D:4      | Killed Natasha
  3983 | D:5      | Entered Level 5 of the Dungeon
  4135 | D:5      | Reached skill level 6 in Long Blades
  4172 | D:5      | Got a fabulously ornate robe
  4336 | D:5      | Reached skill level 5 in Armour
  4442 | D:5      | Reached XP level 8. HP: 38/60 MP: 8/8
  4512 | D:5      | Found a faded altar of an unknown god.
  4512 | D:5      | Found a faded altar of an unknown god.
  4517 | D:5      | Found a faded altar of an unknown god.
  4521 | D:5      | Found a faded altar of an unknown god.
  4523 | D:5      | Found a blossoming altar of Fedhas.
  4896 | D:6      | Reached skill level 7 in Long Blades
  4908 | D:6      | Noticed Menkaure
  4915 | D:6      | Killed Menkaure
  4930 | D:6      | Found a shattered altar of Ashenzari.
  5572 | D:6      | Reached ***** piety under Trog
  5610 | D:6      | Found a hazy altar of Hepliaklqana.
  5694 | D:6      | Reached skill level 8 in Long Blades
  5730 | D:6      | Reached skill level 5 in Fighting
  6114 | D:6      | Gained mutation: You are surrounded by a moderate repulsion field. (EV +3) [demonic ancestry]
  6114 | D:6      | Reached XP level 9. HP: 68/68 MP: 9/9
  6190 | D:6      | Found a runed door.
  6437 | D:6      | Noticed Crazy Yiuf
  6441 | D:6      | Killed Crazy Yiuf
  6623 | D:7      | Found a glowing silver altar of Zin.
  6822 | D:6      | HP: 3/103 [orc warrior/halberd (13)]
  7083 | D:7      | Noticed ayyllmao's ghost (novice DgFi)
  7110 | D:7      | HP: 3/71 [ayyllmao's ghost (1)]
  7557 | D:6      | Reached skill level 9 in Long Blades
  7800 | D:7      | Found a glowing golden altar of the Shining One.
  7871 | D:7      | Found an iron altar of Okawaru.
  7929 | D:7      | Killed ayyllmao's ghost
  8782 | D:8      | Gained mutation: You have a pair of horns on your head. [demonic ancestry]
  8782 | D:8      | Reached XP level 10. HP: 60/80 MP: 7/10
  8798 | D:8      | Found a radiant altar of Vehumet.
  8960 | D:8      | Reached skill level 1 in Shields
  8971 | D:8      | Received a gift from Trog
  8999 | D:8      | Reached skill level 10 in Long Blades
 10021 | D:9      | Found a staircase to the Lair.
 10275 | D:10     | Entered Level 10 of the Dungeon
 10654 | D:10     | Found a staircase to the Orcish Mines.
 10960 | D:10     | Noticed a cyclops
 10967 | D:10     | Killed a cyclops
 10967 | D:10     | Reached skill level 11 in Long Blades
 11432 | D:11     | Noticed Josephine
 11458 | D:10     | Killed Josephine
 11458 | D:10     | Reached XP level 11. HP: 70/89 MP: 7/11
 12391 | D:10     | Reached skill level 10 in Fighting
 12624 | D:11     | Noticed Sonja
 12637 | D:11     | Killed Sonja
 12637 | D:11     | Reached skill level 12 in Long Blades
 12762 | D:11     | Received a gift from Trog
 12763 | D:11     | Got an encrusted long sword {god gift}
 12764 | D:11     | Identified the +5 long sword "Hydrabane" {speed, rElec SInv} (Trog gifted it to you on level 11 of the Dungeon)
 12819 | D:11     | Noticed Erica
 12830 | D:11     | Killed Erica
 12941 | D:11     | Noticed Harold
 12960 | D:11     | Killed Harold
 13083 | D:11     | Noticed a death yak
 13089 | D:11     | Killed a death yak
 13384 | Lair:1   | Entered Level 1 of the Lair of Beasts
 13408 | Lair:1   | Identified the +2 robe "Necal Qaa" {Dex+3} (You found it on level 5 of the Dungeon)
 13593 | Lair:1   | Noticed Patchouli's ghost (novice DrTm)
 13610 | Lair:1   | Killed Patchouli's ghost
 13775 | Lair:1   | Reached XP level 12. HP: 90/100 MP: 12/12
 13865 | Lair:1   | Noticed a four-headed hydra
 13877 | Lair:1   | Killed a one-headed hydra
 13877 | Lair:1   | Reached skill level 13 in Long Blades
 14887 | Lair:2   | Found a radiant altar of Vehumet.
 15219 | Lair:2   | Noticed a queen ant
 15251 | Lair:2   | Killed a queen ant
 15760 | Lair:3   | Noticed a six-headed hydra
 15773 | Lair:3   | Killed a one-headed hydra
 16195 | Lair:3   | Received a gift from Trog
 16279 | Lair:3   | Reached skill level 14 in Long Blades
 16380 | Lair:3   | Noticed a four-headed hydra
 16391 | Lair:3   | Killed a one-headed hydra
 16403 | Lair:3   | Got a shimmering granite ring
 16405 | Lair:3   | Identified the ring "Lipunla" {rF+ Stlth+} (You found it on level 3 of the Lair of Beasts)
 16426 | Lair:3   | Found a staircase to the Snake Pit.
 16866 | Lair:4   | Found a staircase to the Swamp.
 16880 | Lair:4   | Reached XP level 13. HP: 104/106 MP: 13/13
 16883 | Lair:4   | Reached skill level 10 in Armour
 16883 | Lair:4   | Reached skill level 1 in Evocations
 17701 | Lair:4   | Received a gift from Trog
 17708 | Lair:4   | Reached skill level 5 in Evocations
 18212 | Lair:5   | Found a staircase to the Slime Pits.
 18520 | Lair:5   | Reached ****** piety under Trog
 18612 | Lair:6   | Entered Level 6 of the Lair of Beasts
 18626 | Lair:6   | HP: 5/106 [komodo dragon (65)]
 18626 | Lair:6   | HP: 1/106 [crocodile (4)]
 18630 | Lair:6   | Demolished by a crocodile

Skill      XL: |  1  2  3  4  5  6  7  8  9 10 11 12 13 |
---------------+----------------------------------------+-----
Long Blades    | 3 4 5 6 8 9 11 12 14 | 14.1
Fighting       | 4 5 8 9 11 | 11.0
Armour         | 2 3 5 6 7 9 11 | 11.5
Shields        | 4 |  4.2
Evocations     | 6 |  6.6
Dodging        | |  1.7

Action                   |  1- 3 |  4- 6 |  7- 9 | 10-12 | 13-15 || total
-------------------------+-------+-------+-------+-------+-------++-------
Melee: Falchion          |   135 |   234 |   563 |   414 |       ||  1346
       Headbutt          |       |    18 |   185 |   265 |    68 ||   536
       Long sword        |       |       |       |   411 |       ||   411
       Demon blade       |       |       |       |    60 |   221 ||   281
       Scimitar          |       |       |       |    18 |       ||    18
Invok: Berserk           |     1 |       |     8 |    14 |     1 ||    24
       Trog's Hand       |       |       |     5 |     3 |       ||     8
  Use: Scroll            |       |       |    15 |    15 |     1 ||    31
       Potion            |       |       |     1 |     1 |     1 ||     3
 Stab: Sleeping          |       |     1 |       |       |       ||     1
       Distracted        |       |     1 |     6 |     3 |     2 ||    12
  Eat: Chunk             |     4 |     6 |    18 |    69 |     7 ||   104
       Royal jelly       |       |       |     2 |       |       ||     2
       Bread ration      |       |       |     1 |       |       ||     1
Armor: Animal skin       |    20 |       |       |       |       ||    20
       Leather armour    |    12 |    15 |       |       |       ||    27
       Chain mail        |       |   116 |   241 |   256 |    63 ||   676
       Scale mail        |       |     7 |       |       |       ||     7
Dodge: Dodged            |   108 |   154 |   256 |   283 |    55 ||   856
Block: Buckler           |       |       |       |   119 |    27 ||   146
       Rpst.: Falchion   |    36 |    54 |    77 |    60 |       ||   227
       Long sword        |       |       |       |    30 |       ||    30
       Demon blade       |       |       |       |     7 |    14 ||    21
       Scimitar          |       |       |       |     2 |       ||     2
